 Dungeon Crawl Stone Soup version 0.28.0-45-g0d030f2227 (webtiles) character file.

Game seed: 4805477716280134513

312 Bruhh the Magician (level 6, -5/46 HPs)
             Began as a Djinni Cinder Acolyte on Apr 24, 2022.
             Was a High Priest of Ignis.
             Slain by an iguana (9 damage)
             ... on level 5 of the Dungeon.
             The game lasted 00:04:55 (5241 turns).

Bruhh the Magician (Djinni Cinder Acolyte)          Turns: 5241, Time: 00:04:56

Health: -5/46      AC:  2    Str: 13    XL:     6   Next: 71%
Gold:   117        EV: 11    Int: 18    God:    Ignis [*****.] SH:  0 Dex:  8

rFire   + + +      SeeInvis .   a - -1 falchion (flame)
rCold   . . .      Faith    .   (no shield)
rNeg    . . .      Spirit   .   b - +0 robe
rPois   ∞          Reflect  .   (no helmet)
rElec   .          Harm     .   l - scarf {rC+ rF+}
rCorr   .          Rampage  .   (no gloves)
Will    .....                   (boots unavailable)
Stlth   +.........              (no amulet)
HPRegen 0.15/turn               (no ring)
MPRegen 0.00/turn               (no ring)

@: flying, invisible
A: sickness immunity, fire resistance 2, cold vulnerability 1, float, innate
caster, HP casting, extra vitality 1
a: Renounce Religion, Fiery Armour, Foxfire Swarm, Rising Flame


You were on level 5 of the Dungeon.
You worshipped Ignis.
Ignis was extremely pleased with you.
You visited 1 branch of the dungeon, and saw 5 of its levels.

You collected 117 gold pieces.

Inventory:

Hand Weapons
 a - a -1 falchion of flaming (weapon)
Armour
 b - a +0 robe (worn)
 l - a scarf of resistance (worn)
 o - a +0 tower shield
Magical Staves
 g - a staff of cold
Jewellery
 h - a ring of ice
Wands
 s - a wand of iceblast (13)
 t - a wand of mindburst (14)
Scrolls
 c - 2 scrolls of fear {unknown}
 d - a scroll of magic mapping {unknown}
 i - a scroll of teleportation {unknown}
 j - a scroll of identify {unknown}
 k - 2 scrolls of noise {unknown}
 p - a scroll of amnesia {unknown}
 q - a scroll of enchant armour {unknown}
 r - a scroll of enchant weapon {unknown}
Potions
 e - a potion of invisibility
 f - a potion of experience {unknown}
 m - a potion of curing {unknown}
 n - a potion of cancellation {unknown}
 u - a potion of heal wounds {unknown}


   Skills:
 - Level 3.0 Fighting
 - Level 2.6 Long Blades
 + Level 5.4 Spellcasting


You had 10 spell levels left.
You knew the following spells:

 Your Spells              Type           Power      Damage    Failure   Level
a - Scorch                Fire           48%        2d7       1%          2
b - Slow                  Hex            96%        N/A       1%          1
c - Searing Ray           Conj           48%        2d6       1%          2
Your spell library was empty.

Dungeon Overview and Level Annotations

Branches:
Dungeon (5/15)
 Temple: D:4-7

Altars:

Shops:
D:2 :


Innate Abilities, Weirdness & Mutations

You are immune to sickness and miasma.
You are immune to poison.
Your flesh is very heat resistant. (rF++)
You are vulnerable to cold. (rC-)
You float through the air rather than walking.
You learn spells naturally, not from books.
Your magical power is your life essence.
You have superior vitality. (+4 MHP)


Message History

The centaur skeleton's fire resistance burns away.
Flames lash the centaur skeleton.
The centaur skeleton is burned terribly!
The centaur skeleton is severely damaged.
A worm comes into view.
Flames lash the centaur skeleton.
The centaur skeleton is burned terribly!
You destroy the centaur skeleton!
Flames lash the hound.
The hound is heavily wounded.
The hound's fire resistance burns away.
The hound bites you.
Flames lash the iguana.
The iguana is moderately wounded.
The iguana's fire resistance burns away.
The hound bites you. x2
You are too injured to fight recklessly!
You are too injured to fight recklessly!
You are too injured to fight recklessly!
Casting: Scorch (safe; 1% risk of failure)
Confirm with . or Enter, or press ? or * to list all spells.
You miscast Scorch.
You are very lightly contaminated with residual magic.
Nothing appears to happen.
The iguana bites you. The hound bites you.
* * * LOW HITPOINT WARNING * * *
Unknown command.
The hound closely misses you.
The hound is no longer more vulnerable to fire.
The iguana is no longer more vulnerable to fire.
The hound bites you.
* * * LOW HITPOINT WARNING * * *
The hound barely misses you. The hound barely misses you.
Your magical contamination has completely faded away.
The hound bites you.
* * * LOW HITPOINT WARNING * * *
There is a stone staircase leading up here.
It was a potion of invisibility.
You fade into invisibility!
The hound barely misses you. The iguana bites you!
You die...

#.................
#.................
#.......$.......
######+#...............
##...............w......
.................#.....#
.................#.....#
........l.########./...#
[......@h.# ....#
########### ....#


You could see an iguana and a hound.

Vanquished Creatures
  A necrophage (D:3)
  A centaur skeleton (D:5)
  A jelly (D:4)
  A hound skeleton (D:4)
  5 adders
  5 gnolls
  3 orcs
  11 ball pythons
  3 endoplasms
  2 giant cockroaches (D:2)
  4 goblins
  5 hobgoblins
  3 jackals
  5 kobolds
  A quokka (D:3)
  6 bats
  4 frilled lizards
  3 rats
64 creatures vanquished.

Notes
Turn   | Place    | Note
-------+----------+-------------------------------------------
     0 | D:1      | Bruhh the Djinni Cinder Acolyte began the quest for the
                  | Orb.
     0 | D:1      | Reached XP level 1. HP: 20/20 MP: 0/0
  1016 | D:1      | Reached XP level 2. HP: 21/25 MP: 0/0
  1682 | D:1      | Reached skill level 3 in Spellcasting
  1682 | D:1      | Reached XP level 3. HP: 22/30 MP: 0/0
  1682 | D:1      | Learned a level 1 spell: Slow
  2236 | D:2      | Found Upumant's Book Shoppe.
  2942 | D:2      | Found a faded altar of an unknown god.
  3085 | D:3      | Reached XP level 4. HP: 24/35 MP: 0/0
  3572 | D:3      | Reached skill level 4 in Spellcasting
  3593 | D:3      | Noticed a necrophage
  3600 | D:3      | Killed a necrophage
  3601 | D:3      | Reached XP level 5. HP: 23/40 MP: 0/0
  3601 | D:3      | Learned a level 2 spell: Searing Ray
  4170 | D:4      | Reached XP level 6. HP: 37/46 MP: 0/0
  4175 | D:4      | Reached skill level 5 in Spellcasting
  5215 | D:5      | Entered Level 5 of the Dungeon
  5241 | D:5      | Slain by an iguana

Illustrated notes

Levels and vault maps discovered:
D:1:      scummos_arrival_checkerplants, layout_basic, roderic_lattice_a,
          st_stairs_6
D:2:      layout_loops_ring, shapermc_ecumenical_altar_hornbeckon, serial_shops,
          shop, minmay_tetromino_s2
D:3:      layout_basic
D:4:      layout_loops_ring, nicolae_overflow_hidden_temple
D:5:      layout_basic, nicolae_shop_gadgets

Skill      XL: |  1  2  3  4  5  6 |
---------------+-------------------+-----
Spellcasting   | 3 4 5 |  5.4
Fighting       | |  3.0
Long Blades    | |  2.6

Action                   |  1- 3 |  4- 6 || total
-------------------------+-------+-------++-------
Melee: Falchion          |    31 |     3 ||    34
 Cast: Scorch            |    30 |    53 ||    83
       Searing Ray       |       |     1 ||     1
  Use: Potion            |       |     1 ||     1
Armor: Robe              |     9 |     3 ||    12
Dodge: Dodged            |    13 |    15 ||    28
